ITL
DETROIT X-WINGS @ CAPE COD CLAMS
06/30/2026
 
TOP OF THE 1ST
Detroit X-Wings batting - Pitching for Cape Cod Clams : RHP Robert Martin
Pitching: RHP Robert Martin
Batting: RHB Yoshitsune Kamida 0-0: SINGLE (Line Drive, 56)
Batting: SHB Felipe Detorres 0-0: Called Strike
0-1: Ball
1-1: DOUBLE (Line Drive, 9LM)
Yoshitsune Kamida to third
Runner from 3rd tries for Home, SAFE, no throw or cutoff
Batting: RHB Diego Ocampo 0-0: Ball
1-0: Ball
2-0: SINGLE (Line Drive, 6MD)
Felipe Detorres to third
Batting: LHB Juan Jose Pineda 0-0: Ball
1-0: Ball
2-0: Swinging Strike
2-1: Swinging Strike
2-2: Strikes out swinging
Batting: SHB Jaime Montés 0-0: Ball
1-0: Foul Ball, location: 2F
1-1: Ball
2-1: Fly out, F9 (Flyball, 9LD)
Runner from 3rd tags up, SCORES, no throw
Batting: SHB Chris Byrd 0-0: Swinging Strike
0-1: Called Strike
0-2: SINGLE (Groundball, 4MD)
Diego Ocampo to second
Batting: RHB Ernesto Acosta 0-0: Called Strike
0-1: Ball
1-1: Foul Ball, location: 2F
1-2: SINGLE (Flyball, 8RS)
Diego Ocampo to third
Chris Byrd to second
Batting: RHB Vincente Encarnación 0-0: Fly out, F9 (Line Drive, 9M)
Top of the 1st over - 2 run(s), 5 hit(s), 0 error(s), 3 left on base; Detroit 2 - Cape Cod 0
BOTTOM OF THE 1ST
Cape Cod Clams batting - Pitching for Detroit X-Wings : LHP Arturo Sánchez
Pitching: LHP Arturo Sánchez
Batting: SHB Edgardo Osorio 0-0: Foul Ball, location: 2F
0-1: Swinging Strike
0-2: Ball
1-2: Strikes out swinging
Batting: RHB Héctor Jiménez 0-0: Ball
1-0: Swinging Strike
1-1: Ball
2-1: Ball
3-1: Swinging Strike
3-2: Strikes out swinging
Batting: LHB José Rivas 0-0: Ball
1-0: Ball
2-0: Ball
3-0: Called Strike
3-1: Called Strike
3-2: Base on Balls
Batting: LHB José González 0-0: Called Strike
0-1: Called Strike
José Rivas steals 2nd base
0-2: Ball
1-2: Strikes out swinging
Bottom of the 1st over - 0 run(s), 0 hit(s), 0 error(s), 1 left on base; Detroit 2 - Cape Cod 0
TOP OF THE 2ND
Detroit X-Wings batting - Pitching for Cape Cod Clams : RHP Robert Martin
Batting: LHB Jeremy Cox 0-0: Fly out, F8 (Flyball, 8RM)
Batting: RHB Yoshitsune Kamida 0-0: Swinging Strike
0-1: Foul Ball, location: 2F
0-2: Fly out, F4 (Line Drive, 4)
Batting: SHB Felipe Detorres 0-0: Fly out, F8 (Flyball, 78M)
Top of the 2nd over - 0 run(s), 0 hit(s), 0 error(s), 0 left on base; Detroit 2 - Cape Cod 0
BOTTOM OF THE 2ND
Cape Cod Clams batting - Pitching for Detroit X-Wings : LHP Arturo Sánchez
Batting: RHB Yasuhiro Kobayashi 0-0: Foul Ball, location: 2F
0-1: Ball
1-1: Ball
2-1: Ball
3-1: DOUBLE (Flyball, 8LM)
Batting: RHB Justin Schultz 0-0: DOUBLE (Line Drive, 89M)
Yasuhiro Kobayashi scores
Batting: SHB Andrés Díaz 0-0: Ground out 6-3 (Groundball, 6M)
Justin Schultz to third
Batting: RHB Juan Marín 0-0: Swinging Strike
0-1: Ball
1-1: Ball
2-1: Foul Ball, location: 2F
2-2: Ball
3-2: Base on Balls
Batting: RHB Marcos Castillo 0-0: Foul Ball, location: 2F
0-1: Called Strike
0-2: Foul Ball, location: 2F
0-2: Ball
1-2: Ball
2-2: SINGLE (Flyball, 56D)
Justin Schultz scores
Juan Marín to second
Batting: SHB Edgardo Osorio 0-0: Called Strike
0-1: Swinging Strike
0-2: Strikes out swinging
Batting: RHB Héctor Jiménez 0-0: Ball
1-0: Swinging Strike
1-1: Foul Ball, location: 2F
1-2: Strikes out swinging
Bottom of the 2nd over - 2 run(s), 3 hit(s), 0 error(s), 2 left on base; Detroit 2 - Cape Cod 2
TOP OF THE 3RD
Detroit X-Wings batting - Pitching for Cape Cod Clams : RHP Robert Martin
Batting: RHB Diego Ocampo 0-0: Called Strike
0-1: Swinging Strike
0-2: Ball
1-2: Ball
2-2: Foul Ball, location: 2F
2-2: Foul Ball, location: 2F
2-2: Foul Ball, location: 2F
2-2: DOUBLE (Line Drive, 89M)
Batting: LHB Juan Jose Pineda 0-0: Swinging Strike
0-1: Swinging Strike
0-2: Ball
1-2: Ball
2-2: Ball
3-2: Strikes out swinging
Batting: SHB Jaime Montés 0-0: Ball
1-0: Called Strike
1-1: Foul Ball, location: 2F
1-2: Foul Ball, location: 2F
1-2: Strikes out swinging
Batting: SHB Chris Byrd 0-0: Ball
1-0: Called Strike
1-1: Ground out 4-3 (Groundball, 4)
Top of the 3rd over - 0 run(s), 1 hit(s), 0 error(s), 1 left on base; Detroit 2 - Cape Cod 2
BOTTOM OF THE 3RD
Cape Cod Clams batting - Pitching for Detroit X-Wings : LHP Arturo Sánchez
Batting: LHB José Rivas 0-0: Ball
1-0: Called Strike
1-1: Foul Ball, location: 2F
1-2: Foul Ball, location: 2F
1-2: Ball
2-2: SINGLE (Groundball, 3S) (infield hit)
Batting: LHB José González 0-0: Called Strike
0-1: Ball
1-1: Ball
2-1: Called Strike
2-2: Strikes out swinging
Batting: RHB Yasuhiro Kobayashi 0-0: Ball
1-0: Swinging Strike
1-1: Ball
2-1: DOUBLE (Flyball, 89XD)
José Rivas to third
Pinch Runner at 2nd Sam Wallace:
Batting: RHB Justin Schultz 0-0: Called Strike
0-1: SINGLE (Groundball, 5D)
José Rivas scores
Sam Wallace to third
Runner from 3rd tries for Home, SAFE, no throw or cutoff
Batting: SHB Andrés Díaz 0-0: Called Strike
0-1: Fly out, F8 (Flyball, 89S)
Batting: RHB Juan Marín 0-0: Ball
1-0: Foul Ball, location: 2F
1-1: Fly out, F8 (Flyball, 8RD)
Bottom of the 3rd over - 2 run(s), 3 hit(s), 0 error(s), 1 left on base; Detroit 2 - Cape Cod 4
TOP OF THE 4TH
Detroit X-Wings batting - Pitching for Cape Cod Clams : RHP Robert Martin
Now at 3B: Sam Wallace
Batting: RHB Ernesto Acosta 0-0: Called Strike
0-1: Ball
1-1: Ball
2-1: Foul Ball, location: 2F
2-2: Strikes out swinging
Batting: RHB Vincente Encarnación 0-0: Called Strike
0-1: Called Strike
0-2: Strikes out swinging
Batting: LHB Jeremy Cox 0-0: SINGLE (Groundball, 4MD)
Batting: RHB Yoshitsune Kamida 0-0: Ball
1-0: Fielders Choice at 2nd, 6-4 (Groundball, 6)
Top of the 4th over - 0 run(s), 1 hit(s), 0 error(s), 0 left on base; Detroit 2 - Cape Cod 4
BOTTOM OF THE 4TH
Cape Cod Clams batting - Pitching for Detroit X-Wings : LHP Arturo Sánchez
Batting: RHB Marcos Castillo 0-0: Called Strike
0-1: Foul Ball, location: 2F
0-2: DOUBLE (Line Drive, 5L)
Batting: SHB Edgardo Osorio 0-0: Ball
1-0: Swinging Strike
1-1: Ball
2-1: Ball
3-1: Base on Balls
Pitching: RHP Don Brown
Batting: RHB Héctor Jiménez 0-0: Called Strike
0-1: Foul Ball, location: 2F
0-2: Ball
1-2: Ball
2-2: Ball
3-2: Grounds into double play, 5-4-3 (Groundball, 56)
Marcos Castillo to third
Batting: LHB José Rivas 0-0: Swinging Strike
0-1: SINGLE (Line Drive, 3D)
Marcos Castillo scores
Batting: LHB José González 0-0: Ball
José Rivas steals 2nd base
1-0: Foul Ball, location: 2F
1-1: Foul Ball, location: 2F
1-2: Strikes out looking
Bottom of the 4th over - 1 run(s), 2 hit(s), 0 error(s), 1 left on base; Detroit 2 - Cape Cod 5
TOP OF THE 5TH
Detroit X-Wings batting - Pitching for Cape Cod Clams : RHP Robert Martin
Batting: SHB Felipe Detorres 0-0: Ball
1-0: Swinging Strike
1-1: Ball
2-1: Ground out 4-3 (Groundball, 34)
Batting: RHB Diego Ocampo 0-0: Swinging Strike
0-1: Ball
1-1: Ball
2-1: Foul Ball, location: 2F
2-2: Ball
3-2: Foul Ball, location: 2F
3-2: Ground out 1-3 (Groundball, 23)
Batting: LHB Juan Jose Pineda 0-0: Called Strike
0-1: Ground out U3 (Groundball, 3S)
Top of the 5th over - 0 run(s), 0 hit(s), 0 error(s), 0 left on base; Detroit 2 - Cape Cod 5
BOTTOM OF THE 5TH
Cape Cod Clams batting - Pitching for Detroit X-Wings : RHP Don Brown
Batting: RHB Sam Wallace 0-0: Called Strike
0-1: Ball
1-1: Foul Ball, location: 2F
1-2: Ball
2-2: Strikes out swinging
Batting: RHB Justin Schultz 0-0: Ball
1-0: Ball
2-0: Called Strike
2-1: Swinging Strike
2-2: Ball
3-2: SINGLE (Line Drive, 9S)
Batting: SHB Andrés Díaz 0-0: Called Strike
0-1: Ball
1-1: Foul Ball, location: 2F
1-2: Strikes out swinging
Batting: RHB Juan Marín 0-0: Ball
1-0: Called Strike
1-1: Fly out, F8 (Line Drive, 8RD)
Bottom of the 5th over - 0 run(s), 1 hit(s), 0 error(s), 1 left on base; Detroit 2 - Cape Cod 5
TOP OF THE 6TH
Detroit X-Wings batting - Pitching for Cape Cod Clams : RHP Robert Martin
Batting: SHB Jaime Montés 0-0: Ball
1-0: Ball
2-0: Called Strike
2-1: Ball
3-1: Foul Ball, location: 2F
3-2: Base on Balls
Pitching: RHP Patrick Doyle
Batting: SHB Chris Byrd 0-0: Called Strike
0-1: Ball
1-1: Foul Ball, location: 2F
1-2: Strikes out swinging
Batting: RHB Ernesto Acosta 0-0: Ball
1-0: Ball
2-0: Ball
3-0: Foul Ball, location: 2F
3-1: Reached on error, E6 (Groundball, 6)
Jaime Montés to second
Batting: RHB Vincente Encarnación 0-0: Called Strike
0-1: Ball
1-1: Ball
2-1: Ball
3-1: Foul Ball, location: 2F
3-2: Grounds into double play, 1-6-3 (Groundball, 13)
Top of the 6th over - 0 run(s), 0 hit(s), 1 error(s), 1 left on base; Detroit 2 - Cape Cod 5
BOTTOM OF THE 6TH
Cape Cod Clams batting - Pitching for Detroit X-Wings : RHP Don Brown
Batting: RHB Marcos Castillo 0-0: Swinging Strike
0-1: Called Strike
0-2: Ball
1-2: Ball
2-2: SOLO HOME RUN (Line Drive, 8RXD), Distance : 426 ft
Batting: SHB Edgardo Osorio 0-0: Ball
1-0: Called Strike
1-1: Foul Ball, location: 2F
1-2: Ground out 4-3 (Groundball, 4)
Batting: RHB Héctor Jiménez 0-0: Called Strike
0-1: Ground out 4-3 (Groundball, 4M)
Batting: LHB José Rivas 0-0: Ball
1-0: Ball
2-0: Called Strike
2-1: Called Strike
2-2: Ground out U3 (Groundball, 3)
Bottom of the 6th over - 1 run(s), 1 hit(s), 0 error(s), 0 left on base; Detroit 2 - Cape Cod 6
TOP OF THE 7TH
Detroit X-Wings batting - Pitching for Cape Cod Clams : RHP Patrick Doyle
Batting: LHB Jeremy Cox 0-0: Ball
1-0: Called Strike
1-1: Ball
2-1: Foul Ball, location: 2F
2-2: Foul Ball, location: 2F
2-2: Foul Ball, location: 2F
2-2: Ball
3-2: Base on Balls
Batting: RHB Yoshitsune Kamida 0-0: Called Strike
0-1: Fly out, F8 (Flyball, 8RM)
Batting: SHB Felipe Detorres 0-0: Ball
1-0: Ball
2-0: Called Strike
2-1: Called Strike
2-2: Fly out, F8 (Flyball, 8LD)
Batting: RHB Diego Ocampo 0-0: Called Strike
0-1: Foul Ball, location: 2F
0-2: Foul Ball, location: 2F
0-2: Ball
1-2: SINGLE (Line Drive, 8RS)
Jeremy Cox to second
Batting: LHB Juan Jose Pineda 0-0: Fly out, F6 (Line Drive, 6M)
Top of the 7th over - 0 run(s), 1 hit(s), 0 error(s), 2 left on base; Detroit 2 - Cape Cod 6
BOTTOM OF THE 7TH
Cape Cod Clams batting - Pitching for Detroit X-Wings : RHP Don Brown
Pitching: RHP Gabriel Ruíz
Batting: LHB José González 0-0: Ball
1-0: Foul Ball, location: 2F
1-1: Ball
2-1: Ball
3-1: Swinging Strike
3-2: Strikes out swinging
Batting: RHB Sam Wallace 0-0: Called Strike
0-1: Called Strike
0-2: Ball
1-2: Ball
2-2: Fly out, F8 (Flyball, 8LD)
Batting: RHB Justin Schultz 0-0: Ball
1-0: Ball
2-0: Fly out, F5 (Line Drive, 5)
Bottom of the 7th over - 0 run(s), 0 hit(s), 0 error(s), 0 left on base; Detroit 2 - Cape Cod 6
TOP OF THE 8TH
Detroit X-Wings batting - Pitching for Cape Cod Clams : RHP Patrick Doyle
Pitching: RHP Juan Reyes
Batting: SHB Jaime Montés 0-0: Called Strike
0-1: Foul Ball, location: 2F
0-2: Strikes out swinging
Batting: SHB Chris Byrd 0-0: Ball
1-0: Ground out 6-3 (Groundball, 6)
Batting: RHB Ernesto Acosta 0-0: Fly out, F6 (Line Drive, 6M)
Top of the 8th over - 0 run(s), 0 hit(s), 0 error(s), 0 left on base; Detroit 2 - Cape Cod 6
BOTTOM OF THE 8TH
Cape Cod Clams batting - Pitching for Detroit X-Wings : RHP Gabriel Ruíz
Batting: SHB Andrés Díaz 0-0: Ball
1-0: SINGLE (Line Drive, 8LS)
Batting: RHB Juan Marín 0-0: Foul Ball, location: 2F
0-1: Swinging Strike
0-2: Foul Ball, location: 2F
0-2: Grounds into double play, 1-4-3 (Groundball, 13)
Batting: RHB Marcos Castillo 0-0: Foul Ball, location: 2F
0-1: Ball
1-1: DOUBLE (Groundball, 3L)
Batting: SHB Edgardo Osorio 0-0: Ground out 4-3 (Groundball, 4)
Bottom of the 8th over - 0 run(s), 2 hit(s), 0 error(s), 1 left on base; Detroit 2 - Cape Cod 6
TOP OF THE 9TH
Detroit X-Wings batting - Pitching for Cape Cod Clams : RHP Juan Reyes
Batting: RHB Vincente Encarnación 0-0: Foul Ball, location: 2F
0-1: Swinging Strike
0-2: Foul Ball, location: 2F
0-2: Strikes out swinging
Batting: LHB Jeremy Cox 0-0: Foul Ball, location: 2F
0-1: Ball
1-1: Foul Ball, location: 2F
1-2: Strikes out swinging
Batting: RHB Yoshitsune Kamida 0-0: Ball
1-0: Foul Ball, location: 2F
1-1: Ground out 4-3 (Groundball, 4M)
Top of the 9th over - 0 run(s), 0 hit(s), 0 error(s), 0 left on base; Detroit 2 - Cape Cod 6
Monday, December 5th, 2016 - OOTP Baseball 17.12 Build 75